 Dungeon Crawl Stone Soup version 0.18-a0-1312-gf98331d (webtiles) character file.

2825 KarvaRausku the Shield-Bearer (level 10, -2/80 HPs)
             Began as a Formicid Fighter on Feb 14, 2016.
             Was a Believer of Okawaru.
             Killed from afar by an orc wizard (11 damage)
             ... with a puff of frost
             ... on level 7 of the Dungeon.
             The game lasted 00:24:54 (7079 turns).

KarvaRausku the Shield-Bearer (Formicid Fighter)    Turns: 7079, Time: 00:24:54

Health: -2/80      AC: 10    Str: 29    XL:     10   Next: 3%
Magic:  13/13      EV:  8    Int:  8    God:    Okawaru [**....]
Gold:   400        SH: 12    Dex: 10    Spells: 1 memorised, 8 levels left

rFire  . . .     SeeInvis +     P - +0 great sword {Big John}
rCold  . . .     Gourm    +     p - +0 chain mail
rNeg   . . .     Faith    .     J - +0 shield
rPois  +         Spirit   .     (helmet unavailable)
rElec  .         Dismiss  .     (no cloak)
rCorr  .         Reflect  .     (no gloves)
SustAt .         Harm     .     (no boots)
MR     +....                    M - amulet of the gourmand
Stlth  ..........               G - ring of poison resistance
                                K - ring of teleportation (curse)

@: mighty, somewhat resistant to hostile enchantments, extremely unstealthy
A: permanent stasis, dig shafts and tunnels, four strong arms, antennae 3
a: Dig, Shaft Self, Heroism, Renounce Religion


You were on level 7 of the Dungeon.
You worshipped Okawaru.
Okawaru was pleased with you.
You were not hungry.

You visited 2 branches of the dungeon, and saw 8 of its levels.

You collected 400 gold pieces.

Inventory:

Hand Weapons
 a - a +0 long sword
 j - a +2 whip of draining
 s - a +0 club of chaos
 t - a +1 spear of chaos
 u - a cursed -2 flail
 F - a +0 long sword
 H - a +0 trident of venom
 P - a +0 great sword (weapon) {Big John}
Missiles
 l - a tomahawk of dispersal
 o - 8 tomahawks (quivered)
Armour
 b - a +0 scale mail
 c - a +0 shield
 p - a +0 chain mail (worn)
 J - a +0 shield (worn)
 N - a +0 leather armour of fire resistance
Jewellery
 m - an uncursed ring of positive energy
 y - an uncursed ring of flight
 D - an uncursed ring of protection from fire
 G - a ring of poison resistance (right hand)
 K - a cursed ring of teleportation (left hand)
 M - an amulet of the gourmand (around neck)
Scrolls
 h - 9 scrolls of identify
 i - 3 scrolls of recharging
 r - 2 scrolls of amnesia
 v - a scroll of noise {unknown}
 x - a scroll of magic mapping {unknown}
 z - 2 scrolls of random uselessness {unknown}
 B - a scroll of fog
 I - a scroll of vulnerability {unknown}
Potions
 d - a potion of might
 q - 3 potions of brilliance
 w - 2 potions of degeneration {unknown}
 E - a potion of cancellation {unknown}
 L - a potion of lignification {unknown}
 O - a potion of haste {unknown}
 Q - 2 potions of magic {unknown}
 R - a potion of agility {unknown}
Books
 A - a book of the Tempests

   Spells                             Type                      Level
   a - Static Discharge               Conjuration/Air              3
   b - Lightning Bolt                 Conjuration/Air              5
   c - Fireball                       Conjuration/Fire             5
   d - Tornado                        Air                          9
   e - Shatter                        Earth                        9
 C - a book of Burglary

   Spells                             Type                      Level
   a - Swiftness                      Charms/Air                   2
   b - Passwall                       Transmutation/Earth          2
   c - Passage of Golubria            Translocation                4
   d - Lee's Rapid Deconstruction     Earth                        5
   e - Darkness                       Hexes                        6
   f - Invisibility                   Hexes                        6
Comestibles
 f - 7 bread rations
 g - 3 beef jerkies
 n - 2 meat rations


   Skills:
 * Level 7.7 Fighting
 * Level 7.5 Long Blades
 * Level 6.6 Armour
 * Level 7.8 Shields
 - Level 2.0 Spellcasting
 - Level 1.9 Conjurations
 - Level 2.0 Fire Magic


You had 8 spell levels left.
You knew the following spells:

 Your Spells              Type           Power        Failure   Level  Hunger
a - Fireball              Conj/Fire      #.........   100%        5    ######.


Dungeon Overview and Level Annotations

Branches:
Dungeon (7/15)             Temple (1/1) D:4

Altars:
Ashenzari
Cheibriados
Dithmenos
Elyvilon
Fedhas
Gozag
Makhleb
Nemelex Xobeh
Okawaru
Qazlal
Ru
Sif Muna
Trog
Vehumet
Xom
Yredelemnul
Zin
The Shining One


Innate Abilities, Weirdness & Mutations

You are under a permanent stasis effect.
You can dig through walls and to a lower floor.
Your four strong arms can wield two-handed weapons with a shield.
You have a pair of large antennae on your head (SInv).


Message History

* * * LOW HITPOINT WARNING * * *
The orc wizard barely misses you. The orc wizard hits you with a dagger.
* * * LOW HITPOINT WARNING * * *
The orc wizard hits you but does no damage.
You see here a whip.
The orc wizard casts a spell at you. The puff of frost hits you!
The orc wizard is no longer moving quickly.
The orc wizard casts a spell at you. The puff of frost hits you!
* * * LOW HITPOINT WARNING * * *
The orc wizard casts a spell at you. The magic dart hits you!
* * * LOW HITPOINT WARNING * * *
Drink which item? (? for menu, Esc to quit)
You feel better.
The orc wizard gestures at you while chanting.
The puff of frost hits you!
You die...

#....#
########..<.#
............#
########....#
#....# ##....#
#..##.#
#########.....#
.....#....###@#
#.......##.# #
##..##.###.#
#.#####..###.#
#o# #....##.##
#.# #o#
####....# #.#
#.# ......###
#.# #z#
#####..# .###o#
##.## #..#


You could see a wight, an orc wizard (invisible) and 2 orcs.

Vanquished Creatures
  The ghost of Starbucks the Skirmisher, an amateur DsSk (D:3)
  Grinder (D:3)
  An orc warrior (D:7)
  An ice beast (D:5)
  2 ogres
  2 sky beasts
  2 centaurs (D:6)
  2 giant frogs
  2 scorpions
  9 killer bees
  A jelly (D:5)
  A quasit (D:6)
  2 orc priests
  2 hounds (D:4)
  3 gnoll shamans (D:6)
  A centaur skeleton (D:6)
  2 iguanas (D:6)
  6 orc wizards
  2 worker ants
  A worker ant zombie (D:5)
  38 gnolls
  5 adders
  An ooze (D:3)
  An adder skeleton (D:7)
  3 worms
  3 giant geckos
  14 orcs
  9 bats
  8 giant cockroaches
  6 goblins
  4 hobgoblins
  21 jackals
  3 quokkas
  A ball python skeleton (D:5)
  3 giant newts
  4 kobolds
  A quokka skeleton (D:6)
  4 rats
173 creatures vanquished.

Notes
Turn   | Place    | Note
--------------------------------------------------------------
     0 | D:1      | KarvaRausku the Formicid Fighter began the quest for the Orb.
     0 | D:1      | Reached XP level 1. HP: 18/18 MP: 1/1
   164 | D:1      | Reached XP level 2. HP: 22/24 MP: 2/2
   719 | D:2      | Reached XP level 3. HP: 27/30 MP: 3/3
   838 | D:2      | Found a bloodstained altar of Trog.
   969 | D:2      | Reached skill level 4 in Fighting
   969 | D:2      | Reached XP level 4. HP: 35/37 MP: 4/4
  1076 | D:2      | Found a shimmering altar of Xom.
  1435 | D:2      | Found a sparkling altar of Nemelex Xobeh.
  1438 | D:2      | Found a deep blue altar of Sif Muna.
  1473 | D:3      | Noticed Starbucks's ghost (amateur DsSk)
  1515 | D:3      | Killed Starbucks's ghost
  1515 | D:3      | Reached skill level 5 in Fighting
  1515 | D:3      | Reached XP level 5. HP: 10/44 MP: 5/5
  1515 | D:3      | Reached XP level 6. HP: 11/51 MP: 6/6
  1969 | D:3      | Found a radiant altar of Vehumet.
  1970 | D:3      | Found a snail-covered altar of Cheibriados.
  1974 | D:3      | Found a blossoming altar of Fedhas.
  1992 | D:3      | Reached skill level 5 in Long Blades
  2033 | D:3      | Noticed Grinder
  2051 | D:3      | Killed Grinder
  2051 | D:3      | Reached XP level 7. HP: 47/56 MP: 7/7
  2459 | D:4      | Learned a level 5 spell: Fireball
  2533 | D:4      | Found a basalt altar of Yredelemnul.
  2665 | D:4      | Found a staircase to the Ecumenical Temple.
  2934 | D:4      | Reached skill level 5 in Shields
  3116 | D:5      | Entered Level 5 of the Dungeon
  3123 | D:5      | Reached XP level 8. HP: 64/64 MP: 8/8
  3285 | D:5      | Reached skill level 1 in Spellcasting
  3383 | D:5      | Reached skill level 6 in Fighting
  3383 | D:5      | Reached skill level 1 in Conjurations
  3634 | D:5      | Reached skill level 1 in Fire Magic
  3801 | Temple   | Entered the Ecumenical Temple
  3816 | Temple   | Became a worshipper of Warmaster Okawaru
  3930 | D:6      | Reached skill level 5 in Armour
  4455 | D:6      | Found a white marble altar of Elyvilon.
  4455 | D:6      | Found a glowing silver altar of Zin.
  4456 | D:6      | Found a glowing golden altar of the Shining One.
  4516 | D:6      | Reached XP level 9. HP: 49/71 MP: 11/11
  5084 | D:6      | Reached * piety under Okawaru
  5364 | D:6      | Reached skill level 7 in Fighting
  6538 | D:5      | HP: 3/72 [killer bee (4)]
  7030 | D:7      | Reached ** piety under Okawaru
  7041 | D:7      | Reached XP level 10. HP: 33/80 MP: 13/13
  7072 | D:7      | HP: 2/80 [orc wizard/puff of frost (9)]
  7077 | D:7      | HP: 1/80 [orc wizard/magic dart (2)]
  7079 | D:7      | Killed from afar by an orc wizard

Vault maps used:
D:1:      saegor_arrival_simple_b, hangedman_decor_push, minivault_27,
          moated_statue, grunt_decor_one_mirror
D:2:      nicolae_overflow_hidden_temple, tgw_xom
D:3:      gammafunk_temple_overflow_forgotten, uniq_grinder
D:4:      yredelemnul_altar_generic, minmay_temple_entry_from_below_a,
          first_bread, kennysheep_diamond
D:6:      lemuel_castle_with_subvaults, good_gods_mini_temple
D:7:      kennysheep_mini_moat, lemuel_doored_altar, uniq_crazy_yiuf_cottage
Temple:   nicolae_temple_great_sept

Action                   |  1- 3 |  4- 6 |  7- 9 | 10-12 || total
-------------------------+-------+-------+-------+-------++-------
Melee: Long sword        |   104 |   121 |   190 |       ||   415
       Great sword       |       |       |   357 |     3 ||   360
Throw: Tomahawk          |       |       |     2 |       ||     2
 Abil: Dig               |       |     1 |     3 |       ||     4
  Use: Scroll            |       |       |     8 |       ||     8
       Potion            |       |       |     5 |     1 ||     6
  Eat: Chunk             |       |     4 |    28 |       ||    32
